[Event "Team 45 45 League T43"]
[Site "Internet Chess Club"]
[Date "2009.11.28"]
[Round "5"]
[White "shijith"]
[Black "hewdondada"]
[Result "1-0"]
[WhiteElo "1852"]
[BlackElo "1783"]
[Opening "QGD Slav: Wiesbaden variation"]
[ECO "D17"]
[Time "21:07:42"]
[TimeControl "2700+45"]

1. d4 d5 2. Nf3 c6 3. c4 Nf6 4. Nc3 dxc4 5. a4 Bf5 6. Ne5 e6 7. Bg5 Be7 8. e3
Nbd7 9. Nxc4 O-O 10. Bd3 Bxd3 11. Qxd3 Nc5 12. Qc2 Na6 13. Bxf6 Bxf6 14. Qb3 Rb8
15. O-O c5 16. Ne4 cxd4 17. Rfd1 Nc7 18. Nxf6+ Qxf6 19. Rxd4 Nd5 20. Rad1 b6 21.
e4 Nf4 22. Qf3 e5 23. Rd7 Rfd8 24. Nxe5 Rf8 25. Ng4 Qe6 26. Qxf4 Rbc8 27. Rxa7
Qb3 28. Rad7 Qxb2 29. h4 Qb4 30. Ne5 Qxa4 31. Nxf7 Qb3 32. Nh6+ Kh8 33. Qe5 Qc3
34. Qe6 gxh6 35. Qxh6 {Black forfeits on time} 1-0

[Event "Team 45 45 League T43"]
[Site "Internet Chess Club"]
[Date "2009.11.30"]
[Round "5"]
[White "mugurelt"]
[Black "rubo"]
[Result "1/2-1/2"]
[WhiteElo "1723"]
[BlackElo "1773"]
[Opening "English opening"]
[ECO "A10"]
[Time "21:05:05"]
[TimeControl "2700+45"]

1. c4 g6 2. Nf3 Bg7 3. g3 e5 4. d3 d6 5. Bg2 f5 6. Nc3 Nf6 7. Qb3 c6 8. O-O Qc7
9. e4 fxe4 10. Nxe4 Nxe4 11. dxe4 Be6 12. Ng5 Bg8 13. Bh3 Qe7 14. Qd3 h6 15. Nf3
Na6 16. Be3 Be6 17. Bxe6 Qxe6 18. Rad1 O-O 19. Qxd6 Qxd6 20. Rxd6 Rxf3 21. Rxg6
Rf6 22. Rxf6 Bxf6 23. Bxh6 Rd8 24. Be3 b6 25. a3 c5 26. h4 Rd3 27. Kg2 Nb8 28.
Kf3 Nc6 29. Kg4 Nd4 30. h5 Kh7 31. Bxd4 Rxd4 32. Kf5 Bg7 33. f4 exf4 34. gxf4
Rxc4 35. e5 Bh6 36. e6 Kg7 37. Rg1+ Kf8 38. Rg6 Rxf4+ 39. Ke5 Rf2 40. Rxh6 Re2+
41. Kd6 Rd2+ 42. Ke5 Re2+ 43. Kd6 Rd2+ 44. Kc7 Rxb2 45. Rh7 c4 46. Rf7+ Ke8 47.
h6 c3 48. h7 Rh2 49. Kd6 c2 50. Rxa7 Rd2+ 51. Ke5 Re2+ 52. Kf5 Rf2+ 53. Kg4 Rh2
54. Rc7 Kd8 55. Rxc2 Rxh7 56. Kf5 Rh3 57. Rb2 b5 58. Rb4 Rxa3 59. Rxb5 Ra1 60.
Ke5 Re1+ 61. Kd6 Rd1+ 62. Rd5 Rxd5+ 63. Kxd5 Ke7 64. Ke5 Ke8 65. Kf6 Kf8 66. e7+
Ke8 67. Ke6 {Black stalemated} 1/2-1/2

[Event "Team 45 45 League T43"]
[Site "Internet Chess Club"]
[Date "2009.12.02"]
[Round "5"]
[White "Beancounter"]
[Black "RD1974"]
[Result "1-0"]
[WhiteElo "1673"]
[BlackElo "1678"]
[Opening "English: three knights system"]
[ECO "A27"]
[Time "14:00:10"]
[TimeControl "2700+45"]

1. c4 Nc6 2. Nc3 e5 3. Nf3 d6 4. g3 Be6 5. d3 h6 6. Bg2 Qd7 7. Be3 Be7 8. Qd2
Nf6 9. h3 O-O 10. g4 e4 11. Nd4 Nxd4 12. Bxd4 exd3 13. exd3 Nh7 14. Be3 Bg5 15.
Bxg5 Nxg5 16. f4 Nh7 17. f5 Bxf5 18. gxf5 Qxf5 19. O-O-O c6 20. Rdg1 Ng5 21. h4
Ne6 22. Bh3 Qf4 23. Bxe6 Qxd2+ 24. Kxd2 fxe6 25. Rf1 Rf5 26. Ne4 Rd8 27. Rxf5
exf5 28. Ng3 g6 29. Rf1 Rf8 30. Rf4 Kh7 31. h5 Rf7 32. hxg6+ Kxg6 33. Ke2 Rf6
34. Kf3 Kg5 35. Ne2 h5 36. Kg3 a6 37. Rh4 Re6 38. Rh2 Re3+ 39. Kf2 Rxd3 40.
Rxh5+ Kg4 41. Rh7 f4 42. Rg7+ Kf5 43. Rf7+ Ke5 44. Rxb7 Rd2 45. Kf3 Rd3+ 46. Kf2
Rd2 47. Kf3 Rc2 48. Nxf4 Rxc4 49. Nd3+ Kd4 50. Nb4 a5 51. Na6 Ra4 52. a3 Rc4 53.
Rb3 c5 54. Nb8 a4 55. Rb6 d5 56. Nc6+ Kd3 57. Ne5+ Kd4 58. Nxc4 Kxc4 59. Ke2 d4
60. Kd2 d3 61. Rb7 Kd4 62. Ra7 c4 63. Rxa4 Kc5 64. Ra8 Kb6 65. Rd8 Kc5 66. Kc3
Kb5 67. a4+ Kc5 68. a5 Kb5 69. a6 Kc5 70. a7 Kb6 71. a8=Q Kc5 72. Qc8+ Kb6 73.
Rd7 d2 74. Rxd2 Kb5 75. Rd7 Ka4 76. Rb7 {Black resigns} 1-0

[Event "Team 45 45 League T43"]
[Site "Internet Chess Club"]
[Date "2009.11.26"]
[Round "5"]
[White "koni"]
[Black "crag"]
[Result "0-1"]
[WhiteElo "1992"]
[BlackElo "1910"]
[Opening "English: symmetrical, hedgehog system"]
[ECO "A05"]
[Time "07:00:17"]
[TimeControl "2700+45"]

1. Nf3 Nf6 2. c4 b6 3. g3 Bb7 4. Bg2 e6 5. O-O c5 6. Nc3 Be7 7. Re1 d5 8. cxd5
exd5 9. d4 O-O 10. Bf4 Nc6 11. Rc1 Rc8 12. Bh3 Ra8 13. Qa4 Ne4 14. dxc5 Nxc3 15.
Rxc3 d4 16. Rd3 bxc5 17. a3 Qb6 18. Qc2 Nd8 19. Bg2 Be4 20. Nd2 Bxg2 21. Kxg2 g5
22. Be5 f6 23. Bxd4 cxd4 24. Qc4+ Kg7 25. Qxd4 Qxd4 26. Rxd4 Nc6 27. Rd7 Rfd8
28. Rxd8 Rxd8 29. Nc4 Kf7 30. Rc1 Nd4 31. e3 Nf5 32. Rc2 Ke6 33. h3 Rc8 34. b3
Nd6 35. a4 Nxc4 36. bxc4 Kd6 37. Rd2+ Ke6 38. Rc2 Rb8 39. Kf3 h5 40. g4 h4 41.
Ke4 Bc5 42. f4 Rb4 43. fxg5 fxg5 44. Rc3 Rxa4 45. Kd3 Ra3 46. Rxa3 Bxa3 47. Kd4
a5 48. c5 a4 49. c6 Kd6 50. Ke4 Kxc6 51. Kf5 Be7 52. Ke6 Bd8 {White resigns} 0-1

[Event "Team 45 45 League T43"]
[Site "Internet Chess Club"]
[Date "2009.11.30"]
[Round "5"]
[White "hondocando"]
[Black "IceBox"]
[Result "1-0"]
[WhiteElo "2006"]
[BlackElo "1746"]
[Opening "French defense"]
[ECO "C00"]
[Time "11:51:59"]
[TimeControl "2700+45"]

1. e4 e6 2. Nc3 d5 3. exd5 exd5 4. d4 c6 5. Bd3 Bd6 6. Nge2 Ne7 7. O-O O-O 8.
Bf4 Bf5 9. Re1 Qc7 10. Bxd6 Qxd6 11. Ng3 Bxd3 12. Qxd3 Nd7 13. Re3 Nf6 14. Rae1
Rae8 15. Qe2 Ng6 16. Rxe8 Rxe8 17. Qxe8+ Nxe8 18. Rxe8+ Nf8 19. Nf5 g6 20. Nxd6
{Black resigns} 1-0

[Event "Team 45 45 League T43"]
[Site "Internet Chess Club"]
[Date "2009.11.30"]
[Round "5"]
[White "chipionero"]
[Black "chess2k7"]
[Result "0-1"]
[WhiteElo "1682"]
[BlackElo "1932"]
[Opening "Grünfeld: modern exchange variation"]
[ECO "D90"]
[Time "16:04:49"]
[TimeControl "2700+45"]

1. d4 Nf6 2. Nf3 d5 3. c4 g6 4. Nc3 Bg7 5. cxd5 Nxd5 6. e4 Nxc3 7. bxc3 c5 8.
Be2 Nc6 9. Be3 Bg4 10. e5 O-O 11. O-O Qc7 12. Qb3 Rad8 13. Rad1 b6 14. Rd2 Na5
15. Qa4 Bd7 16. Qc2 Bf5 17. Qa4 Bd7 18. Qc2 cxd4 19. cxd4 Rc8 20. Rc1 Qb7 21.
Qd1 Rxc1 22. Qxc1 Rc8 23. Rc2 Rxc2 24. Qxc2 Qc6 25. Qxc6 Bxc6 26. Nd2 Bd5 27. a4
f6 28. f4 Kf7 29. Kf2 Ke6 30. Bg4+ f5 31. Be2 Kd7 32. Nb1 Nc6 33. Nc3 Bb3 34.
Bb5 e6 35. Ke2 Kc7 36. Kd2 Bf8 37. h3 Bb4 38. Kd3 Kb7 39. Bc4 Bxc4+ 40. Kxc4
Bxc3 41. Kxc3 Na5 42. Kb4 Kc6 43. Bd2 a6 44. Bc3 Kd5 45. Ka3 Nc6 46. Kb2 Nxd4
47. Bd2 Ke4 {White resigns} 0-1

[Event "Team 45 45 League T43"]
[Site "Internet Chess Club"]
[Date "2009.12.01"]
[Round "5"]
[White "jps7"]
[Black "Mambo"]
[Result "0-1"]
[WhiteElo "1858"]
[BlackElo "1726"]
[Opening "Queen's pawn: Charlick (Englund) gambit"]
[ECO "A40"]
[Time "12:00:36"]
[TimeControl "2700+45"]

1. d4 e5 2. dxe5 d6 3. exd6 Qxd6 4. Qxd6 Bxd6 5. Nf3 Bf5 6. e3 Bxc2 7. Nbd2 Nc6
8. Bb5 Ne7 9. Nd4 Bg6 10. Nxc6 Nxc6 11. Bxc6+ bxc6 12. O-O O-O 13. Nf3 Rfb8 14.
b3 a5 15. Bd2 f6 16. Rac1 c5 17. h3 a4 18. bxa4 Rxa4 19. Nh4 Rxh4 20. f3 Ra4 21.
e4 Rxa2 22. Be3 Rbb2 23. Rf2 Bf4 24. Rxb2 Bxe3+ 25. Kf1 Rxb2 26. Re1 Rf2+ 27.
Kg1 Rxf3+ 28. Kh2 Bf4+ 29. Kh1 Re3 30. Rc1 Rxh3+ 31. gxh3 Bxc1 32. Kg2 Bxe4+ 33.
Kg3 c4 34. h4 c3 35. h5 c2 36. h6 Bxh6 37. Kf2 c1=R 38. Ke2 Rc6 39. Kf2 Rd6 40.
Kg3 c5 41. Kf2 c4 42. Ke1 c3 43. Ke2 c2 44. Kf2 c1=R 45. Ke2 Rc2+ 46. Kf1 Rd1#
{White checkmated} 0-1

[Event "Team 45 45 League T43"]
[Site "Internet Chess Club"]
[Date "2009.12.01"]
[Round "5"]
[White "Fuzzie"]
[Black "jjmolina"]
[Result "0-1"]
[WhiteElo "1745"]
[BlackElo "1702"]
[Opening "Bishop's opening: Berlin defense"]
[ECO "C24"]
[Time "16:00:08"]
[TimeControl "2700+45"]

1. e4 e5 2. Bc4 Nf6 3. d3 Nc6 4. f4 d6 5. f5 d5 6. exd5 Nxd5 7. Qf3 Nf6 8. Ne2
Be7 9. Be3 O-O 10. Nbc3 Nd4 11. Bxd4 exd4 12. Ne4 Bb4+ 13. Kf2 Nxe4+ 14. dxe4
Bd2 15. Qe3 dxe3+ {White resigns} 0-1

[Event "Team 45 45 League T43"]
[Site "Internet Chess Club"]
[Date "2009.11.29"]
[Round "5"]
[White "andrew28"]
[Black "SquAREA51"]
[Result "1-0"]
[WhiteElo "1732"]
[BlackElo "1608"]
[Opening "French: King's Indian attack"]
[ECO "C00"]
[Time "16:04:50"]
[TimeControl "2700+45"]

1. e4 e6 2. d3 d5 3. Nd2 dxe4 4. dxe4 Nc6 5. Ngf3 Nd4 6. Bd3 c5 7. O-O Nf6 8. c3
Nc6 9. Nc4 b5 10. Nce5 Nxe5 11. Nxe5 c4 12. Bc2 Bb7 13. Qe2 Qc7 14. Nf3 e5 15.
a4 a6 16. Be3 Bc5 17. axb5 axb5 18. Rxa8+ Bxa8 19. Bg5 Be7 20. Nh4 h6 21. Bxf6
Bxf6 22. Nf5 g6 23. Ne3 O-O 24. Qf3 Bg7 25. Rd1 Rd8 26. Nd5 Qd6 27. h3 Bb7 28.
Qe3 Qe6 29. Qc5 Bxd5 30. exd5 Qd7 31. d6 Rc8 32. Qd5 Kh7 33. Ra1 Bf8 34. Ra6 Rd8
35. Qxe5 Bxd6 36. Qf6 Qe6 37. Qxe6 fxe6 38. Ra7+ Kg8 39. Bxg6 e5 40. Rb7 Rb8 41.
Rxb8+ Bxb8 42. Be8 Bd6 43. Bxb5 Kg7 44. Bxc4 Kf6 45. Kf1 Kf5 46. Ke2 Kf4 47. Bd5
e4 48. b4 Ke5 49. Ba8 Bb8 50. Bb7 Ba7 51. g4 Kf4 52. c4 e3 53. fxe3+ Bxe3 54. c5
Bd4 55. Kd3 Bg1 56. Kc4 Ke5 57. b5 Ke6 58. Bc8+ Ke7 59. Kd5 Kd8 60. Be6 Kc7 61.
h4 Be3 62. b6+ Kb7 63. Kd6 Bf4+ 64. Kd7 Bg3 65. g5 hxg5 66. hxg5 Be5 67. g6
{Black resigns} 1-0

[Event "Team 45 45 League T43"]
[Site "Internet Chess Club"]
[Date "2009.12.01"]
[Round "5"]
[White "BrerRabbit"]
[Black "Juan73"]
[Result "1-0"]
[WhiteElo "1563"]
[BlackElo "1628"]
[Opening "English opening"]
[ECO "A20"]
[Time "08:00:32"]
[TimeControl "2700+45"]

1. c4 e5 2. g3 Nf6 3. Bg2 Bc5 4. Nc3 a6 5. e3 Nc6 6. a3 d6 7. Nge2 Bg4 8. h3 Be6
9. d4 Bxc4 10. dxc5 dxc5 11. Qxd8+ Rxd8 12. Bd2 Na5 13. Nc1 Rd6 14. Ne4 Nxe4 15.
Bxe4 Nc6 16. Bc3 Ke7 17. Bf3 Rhd8 18. Be2 f6 19. O-O Be6 20. Kg2 e4 21. b3 b5
22. Rb1 Ne5 23. Bxe5 fxe5 24. Bg4 Bd5 25. Rd1 g6 26. Na2 h5 27. Be2 Be6 28. Rxd6
cxd6 29. Nc3 d5 30. a4 b4 31. Nd1 a5 32. Nb2 d4 33. Bc4 Bf5 34. Rd1 d3 35. Rd2
h4 36. g4 Bc8 37. f3 exf3+ 38. Kxf3 Bb7+ 39. e4 Rd4 40. Bxd3 Bxe4+ 41. Ke3 Bd5
42. Nc4 Bxc4 43. Bxc4 Kf6 44. Rxd4 exd4+ 45. Ke4 Kg5 46. Kd5 Kf4 47. Bd3 g5 48.
Kxc5 Kg3 49. Kxd4 Kxh3 50. Bf5 Kg2 51. Kc5 h3 52. Kb5 h2 53. Be4+ Kg3 54. Kxa5
Kxg4 55. Kxb4 Kf4 56. Bh1 Kg3 57. a5 Kf2 58. a6 Kg1 59. a7 Kxh1 60. a8=Q+ Kg1
61. Qa1+ Kg2 62. Qb2+ Kh3 63. Qc3+ Kh4 64. Qe1+ Kh3 65. Qf1+ Kg3 66. Kc3 g4 67.
b4 Kh4 68. Qg2 g3 69. b5 Kg4 70. b6 Kh4 71. b7 h1=Q 72. Qxh1+ {Black resigns}
1-0

[Event "Team 45 45 League T43"]
[Site "Internet Chess Club"]
[Date "2009.11.29"]
[Round "5"]
[White "zachi"]
[Black "GeofDeV"]
[Result "0-1"]
[WhiteElo "1938"]
[BlackElo "1905"]
[Opening "French defense, Steiner variation"]
[ECO "C00"]
[Time "10:00:18"]
[TimeControl "2700+45"]

1. e4 e6 2. c4 d5 3. exd5 exd5 4. d4 Nf6 5. Nc3 Be7 6. Nf3 O-O 7. Bg5 dxc4 8.
Bxc4 c6 9. O-O Nbd7 10. Re1 Nb6 11. Bb3 Nbd5 12. Ne5 Be6 13. Qf3 Re8 14. Na4 Qa5
15. Rac1 Rad8 16. Nc5 Bc8 17. h3 Bxc5 18. dxc5 Rd7 19. Re2 Rde7 20. Qg3 Nh5 21.
Qf3 Rxe5 22. Rxe5 Rxe5 23. Qxh5 Re1+ 24. Kh2 Rxc1 25. Bxc1 Qxc5 26. Be3 Qd6+ 27.
g3 a6 28. Bd4 Be6 29. Qg5 f6 30. Qh5 Bf7 31. Qg4 Be6 32. Qh5 Bf7 33. Qg4 Ne7 34.
Bxf7+ Kxf7 35. a3 h6 36. Bc3 Nd5 37. Qh5+ Kf8 38. Qd1 Qe6 39. Bd4 Qe4 40. b4 Kf7
41. a4 g5 {White forfeits on time} 0-1

[Event "Team 45 45 League T43"]
[Site "Internet Chess Club"]
[Date "2009.12.05"]
[Round "5"]
[White "jefferyx"]
[Black "mfeatherston"]
[Result "0-1"]
[WhiteElo "2048"]
[BlackElo "1908"]
[Opening "Sicilian: accelerated fianchetto, modern variation with Bc4"]
[ECO "B35"]
[Time "10:03:43"]
[TimeControl "2700+45"]

1. e4 c5 2. Nf3 g6 3. d4 cxd4 4. Nxd4 Nc6 5. Nc3 Bg7 6. Be3 Nf6 7. Bc4 O-O 8. f3
Qb6 9. Bb3 Nxe4 10. Nf5 Nxc3 11. Qd2 Qa5 12. Nxg7 Nb5 13. Qxa5 Nxa5 14. Bh6 Nxb3
15. axb3 f6 16. O-O-O Nd6 17. Rxd6 exd6 18. Re1 Kf7 19. Rd1 Rg8 20. Rxd6 Rxg7
21. Bxg7 Kxg7 22. c4 Kf7 23. c5 Ke7 24. Kd2 b6 25. b4 Bb7 26. Kc3 Rc8 27. Kd4
Rc6 28. Rxc6 Bxc6 29. Kc4 bxc5 30. Kxc5 a6 {White resigns} 0-1

[Event "Team 45 45 League T43"]
[Site "Internet Chess Club"]
[Date "2009.11.30"]
[Round "5"]
[White "Grenadier"]
[Black "pishd"]
[Result "0-1"]
[WhiteElo "1674"]
[BlackElo "1672"]
[Opening "Caro-Kann: Panov-Botvinnik attack, 5...g6"]
[ECO "B14"]
[Time "08:09:48"]
[TimeControl "2700+45"]

1. e4 c6 2. d4 d5 3. exd5 cxd5 4. c4 Nf6 5. Nc3 g6 6. Nf3 Bg7 7. Bg5 Ne4 8. Bf4
Nxc3 9. bxc3 Nc6 10. Be2 Qa5 11. Bd2 O-O 12. O-O dxc4 13. Bxc4 b5 14. Bd5 Qb6
15. Rb1 Bb7 16. Qe2 a6 17. a4 Nxd4 18. Bxf7+ Rxf7 19. cxd4 Bxf3 20. gxf3 Qxd4
21. axb5 axb5 22. Rxb5 Raf8 23. Be3 Qh4 24. Bg5 Qh3 25. Rb3 Qh5 26. Bd2 Be5 27.
f4 {White resigns} 0-1

[Event "Team 45 45 League T43"]
[Site "Internet Chess Club"]
[Date "2009.11.28"]
[Round "5"]
[White "Quaq"]
[Black "GoIrish"]
[Result "1-0"]
[WhiteElo "1624"]
[BlackElo "1579"]
[Opening "English, 1...Nf6 (Anglo-Indian defense)"]
[ECO "A15"]
[Time "06:34:02"]
[TimeControl "2700+45"]

1. c4 Nf6 2. g3 g6 3. Bg2 Bg7 4. Nc3 O-O 5. Nf3 d6 6. O-O e5 7. d3 Nc6 8. h3 Bd7
9. e4 Nh5 10. Rb1 a5 11. a3 f5 12. exf5 gxf5 13. Nxe5 dxe5 14. Qxh5 Bc8 15. Nd5
Nd4 16. Bg5 Qd7 17. Ne7+ Kh8 18. Ng6+ Kg8 19. Nxf8 Bxf8 20. Bd5+ Ne6 21. Bf6 Qf7
22. Qxf7+ Kxf7 23. Bxe5 c6 24. Bg2 Nc5 25. Rfd1 Be6 26. f4 Rd8 27. d4 Nb3 28. d5
cxd5 29. cxd5 Bc5+ 30. Kh2 Bd7 31. d6 Bc6 32. Bd5+ Bxd5 33. Rxd5 Ke6 34. Rbd1
Rd7 35. a4 Bb4 36. Bc3 Rxd6 37. Rxd6+ Bxd6 38. Kg2 b6 39. Kf3 Nc5 40. g4 fxg4+
41. hxg4 Nxa4 42. Rh1 Nxc3 43. bxc3 a4 44. Rxh7 a3 45. Rh2 Kd5 46. g5 Ke6 47.
Ke4 b5 48. Rd2 b4 49. cxb4 Bxb4 50. Rc2 Bd6 51. Rc6 Kd7 52. Ra6 Be7 53. Ke5 Kc7
54. g6 Kb7 55. Ra4 Bf8 56. Ke6 Kb6 57. f5 Kb5 58. Rxa3 Bxa3 59. g7 {Black
resigns} 1-0

[Event "Team 45 45 League T43"]
[Site "Internet Chess Club"]
[Date "2009.11.28"]
[Round "5"]
[White "Gregorio"]
[Black "mickeys"]
[Result "0-1"]
[WhiteElo "2080"]
[BlackElo "1897"]
[Opening "English: Neo-Catalan"]
[ECO "A13"]
[Time "20:00:57"]
[TimeControl "2700+45"]

1. c4 e6 2. Nf3 d5 3. g3 Nf6 4. Bg2 c5 5. cxd5 Nxd5 6. O-O Be7 7. Nc3 O-O 8. d3
Nc6 9. Bd2 b6 10. Rc1 Bb7 11. Qa4 Bf6 12. Nxd5 exd5 13. Rc2 Re8 14. e3 a5 15. d4
Nb4 16. Bxb4 axb4 17. Qb3 Ba6 18. dxc5 Bxf1 19. Kxf1 bxc5 20. Rxc5 Qb6 21. Qxd5
Rxa2 22. Rc6 Qa7 23. Rxf6 gxf6 24. Nd4 Qa6+ 25. Ke1 Rxb2 26. Bf3 Qd3 {White
resigns} 0-1

[Event "Team 45 45 League T43"]
[Site "Internet Chess Club"]
[Date "2009.11.29"]
[Round "5"]
[White "az2112"]
[Black "Harmonicus"]
[Result "1/2-1/2"]
[WhiteElo "1757"]
[BlackElo "1818"]
[Opening "Queen's Indian: Nimzovich variation (exaggerated fianchetto)"]
[ECO "E15"]
[Time "19:48:03"]
[TimeControl "2700+45"]

1. d4 Nf6 2. c4 e6 3. Nf3 b6 4. g3 Ba6 5. b3 Bb4+ 6. Bd2 Be7 7. Bg2 c6 8. O-O d5
9. Qc2 O-O 10. Rd1 Nbd7 11. Bf4 Bb7 12. Nc3 Rc8 13. e4 dxe4 14. Nxe4 Re8 15. Nd6
Bxd6 16. Bxd6 c5 17. dxc5 bxc5 18. Ne5 Bxg2 19. Kxg2 Qb6 20. Nxd7 Qc6+ 21. Kg1
Nxd7 22. Bf4 e5 23. Be3 Nf8 24. Rd5 Qb6 25. Qf5 f6 26. Rad1 Rc7 27. Qg4 Qe6 28.
Qe2 Qe7 29. Qd2 Ne6 30. Rd7 Rxd7 31. Qxd7 Nd4 32. Qxe7 Rxe7 33. b4 cxb4 34. Bxd4
exd4 35. Rxd4 Rc7 36. c5 a5 37. Rd5 Rc6 38. Kg2 Kf7 39. Kf3 Ke6 40. Ke4 a4 41.
Rd4 b3 42. Rxa4 bxa2 43. Rxa2 Rxc5 {Game drawn by mutual agreement} 1/2-1/2

[Event "Team 45 45 League T43"]
[Site "Internet Chess Club"]
[Date "2009.11.28"]
[Round "5"]
[White "Kingofknights"]
[Black "Chess2Play"]
[Result "0-1"]
[WhiteElo "1717"]
[BlackElo "1692"]
[Opening "QGD: Orthodox defense, Rubinstein variation"]
[ECO "D61"]
[Time "15:01:53"]
[TimeControl "2700+45"]

1. d4 d5 2. c4 e6 3. Nc3 Nf6 4. Bg5 Be7 5. e3 O-O 6. Nf3 Nbd7 7. Qc2 Nh5 8. Bxe7
Qxe7 9. cxd5 Qb4 10. dxe6 fxe6 11. a3 Qe7 12. Bd3 Nhf6 13. O-O c6 14. b4 b6 15.
Rfe1 Bb7 16. Ne2 c5 17. Ng5 h6 18. Nxe6 Qxe6 19. Nf4 Qg4 20. Qc4+ Rf7 21. Bg6
Rf8 22. bxc5 bxc5 23. dxc5 Ne5 24. Bxf7+ Rxf7 25. Qe6 Nf3+ 26. Kh1 Qxe6 27. Nxe6
Nxe1 28. Rxe1 Ne4 29. f3 Re7 30. Nd4 Nxc5 31. e4 Rc7 32. Rc1 Ne6 33. Rxc7 Nxc7
34. Kg1 Kf7 35. Kf2 Kf6 36. Ke3 g5 37. g3 Ne6 38. Nxe6 Kxe6 39. Kd4 Ba6 40. f4
gxf4 41. gxf4 Bf1 42. f5+ Kf6 43. h4 h5 44. Kd5 Bg2 45. Kd4 a6 46. Kd5 Bf1 47.
Kd4 Bb5 48. Kd5 Ba4 49. Kd4 Bb3 50. Kc3 Ba2 51. Kd4 Bg8 52. a4 Bf7 53. a5 Bg8
54. Kd3 Ke5 55. Ke3 Bc4 56. Kf3 Bd3 57. Ke3 Bxe4 58. f6 Bg6 {White resigns} 0-1

[Event "Team 45 45 League T43"]
[Site "Internet Chess Club"]
[Date "2009.11.29"]
[Round "5"]
[White "Andressa"]
[Black "Frankly"]
[Result "1-0"]
[WhiteElo "1542"]
[BlackElo "1596"]
[Opening "Sicilian: dragon variation"]
[ECO "B70"]
[Time "08:10:50"]
[TimeControl "2700+45"]

1. e4 c5 2. Nf3 d6 3. d4 cxd4 4. Nxd4 Nf6 5. Nc3 g6 6. Bc4 Bg7 7. O-O O-O 8. Nf3
Nc6 9. Re1 Bg4 10. Nd5 Bxf3 11. Qxf3 Ne5 12. Qb3 Nxc4 13. Qxc4 Rc8 14. Nxf6+
Bxf6 15. Qb3 Qc7 16. c3 Bg7 17. Bg5 b6 18. Rad1 Rfe8 19. Qd5 Qd7 20. Be3 Red8
21. Re2 Qg4 22. f3 Qh4 23. Bg5 Qh5 24. Bxe7 Qxd5 25. Rxd5 Rd7 26. Bxd6 Rc6 27.
Red2 Bh6 28. Rd1 Be3+ 29. Kf1 f5 30. Bf4 Bxf4 31. Rxd7 Bxh2 32. Rxa7 Bd6 33. e5
Bf8 34. Rdd7 Re6 35. f4 h5 36. a4 Re8 37. Rab7 g5 38. g3 h4 39. Rxb6 gxf4 40.
gxf4 h3 41. Rg6+ Kh8 42. Rd3 Kh7 43. Rgg3 {Black resigns} 1-0

[Event "Team 45 45 League T43"]
[Site "Internet Chess Club"]
[Date "2009.11.29"]
[Round "5"]
[White "BigW"]
[Black "makito"]
[Result "0-1"]
[WhiteElo "1936"]
[BlackElo "1876"]
[Opening "Bird's opening"]
[ECO "A03"]
[Time "06:04:08"]
[TimeControl "2700+45"]

1. f4 d5 2. Nf3 c5 3. d3 Nf6 4. e3 Nc6 5. Be2 g6 6. O-O Bg7 7. Ne5 O-O 8. Bf3
Qc7 9. Nxc6 bxc6 10. Nd2 e5 11. fxe5 Qxe5 12. Nb3 c4 13. d4 Qd6 14. Nc5 Nd7 15.
Nxd7 Qxd7 16. b3 Ba6 17. Be2 Rfe8 18. Rb1 Rab8 19. Bd2 Rb6 20. b4 Qe7 21. c3 Bc8
22. Bg4 Bxg4 23. Qxg4 f5 24. Qg3 Qe4 25. Qc7 Re7 26. Qd8+ Bf8 27. a4 Rbb7 28.
Qc8 Qe6 29. Qd8 Qd7 30. Qxd7 Rexd7 31. Rf3 h5 32. a5 Bh6 33. h3 Kg7 34. Be1 Re7
35. Bf2 Re4 36. Re1 Rbe7 37. Kf1 Kf7 38. Re2 a6 39. Ke1 Bg7 40. Kd2 Bf6 41. Bg3
h4 42. Bf4 g5 43. Bh2 f4 44. Bg1 Kg6 45. Rf1 Re8 46. Rfe1 Bd8 47. Kd1 Bc7 48.
Bf2 Kh5 49. Kd2 fxe3+ 50. Bxe3 Bf4 51. Bxf4 gxf4 52. Rxe4 dxe4 53. Ke2 Kg5 54.
Rd1 Rd8 {White resigns} 0-1

[Event "Team 45 45 League T43"]
[Site "Internet Chess Club"]
[Date "2009.11.27"]
[Round "5"]
[White "idjit"]
[Black "monsterpawn"]
[Result "0-1"]
[WhiteElo "1789"]
[BlackElo "1792"]
[Opening "Sicilian: Najdorf, 6...e6"]
[ECO "B95"]
[Time "14:11:12"]
[TimeControl "2700+45"]

1. e4 c5 2. Nf3 d6 3. d4 cxd4 4. Nxd4 Nf6 5. Nc3 a6 6. Bg5 e6 7. Bd3 Be7 8. Qd2
Nbd7 9. O-O-O Qc7 10. f4 b5 11. f5 e5 12. Nb3 Bb7 13. Bxf6 Nxf6 14. Kb1 b4 15.
Nd5 Nxd5 16. exd5 Bxd5 17. Bxa6 Bxg2 18. Qxg2 Rxa6 19. Qxg7 Rf8 20. Qxh7 Qa7 21.
Nc1 Bg5 22. a3 bxa3 23. b3 a2+ 24. Ka1 Bf6 25. Qh3 e4+ 26. c3 Rc6 27. Ne2 Qa5
28. Kb2 Kd7 29. Ra1 Ra8 30. Rhd1 Qa3+ 31. Kc2 Rb8 32. Nd4 Bxd4 33. Rxd4 Qxb3+
34. Kd2 Qb2+ {White resigns} 0-1

[Event "Team 45 45 League T43"]
[Site "Internet Chess Club"]
[Date "2009.11.30"]
[Round "5"]
[White "superbeast"]
[Black "Kravier"]
[Result "1-0"]
[WhiteElo "1839"]
[BlackElo "1665"]
[Opening "English: Caro-Kann defensive system"]
[ECO "A11"]
[Time "20:10:33"]
[TimeControl "2700+45"]

1. c4 c6 2. g3 d5 3. Bg2 dxc4 4. Na3 Be6 5. Qc2 Bd5 6. e4 Be6 7. Nxc4 Bxc4 8.
Qxc4 Nd7 9. d4 Nb6 10. Qc3 e6 11. Ne2 Na4 12. Qb3 b5 13. O-O Nf6 14. Bg5 Be7 15.
Bxf6 gxf6 16. e5 Rc8 17. Rac1 Qb6 18. Qc2 f5 19. b3 Ba3 20. Bxc6+ Ke7 21. bxa4
Bxc1 22. Rxc1 Rc7 23. axb5 Rhc8 24. a4 Kf8 25. Qc5+ Kg7 26. Nf4 Qa5 27. d5 exd5
28. Qd6 Qd2 29. Qf6+ Kf8 30. Ne6+ Kg8 31. Qg7# {Black checkmated} 1-0

[Event "Team 45 45 League T43"]
[Site "Internet Chess Club"]
[Date "2009.11.26"]
[Round "5"]
[White "spunni"]
[Black "chiiwen"]
[Result "0-1"]
[WhiteElo "1931"]
[BlackElo "2099"]
[Opening "Sicilian: accelerated fianchetto, modern variation with Bc4"]
[ECO "B35"]
[Time "11:18:54"]
[TimeControl "2700+45"]

1. e4 c5 2. Nf3 g6 3. d4 cxd4 4. Nxd4 Nc6 5. Nc3 Bg7 6. Be3 Nf6 7. Bc4 O-O 8.
Bb3 a5 9. f3 d6 10. Qd2 Bd7 11. a4 Rc8 12. O-O-O Ne5 13. g4 Nc4 14. Bxc4 Rxc4
15. Qd3 Qc8 16. g5 Rxc3 17. bxc3 Nh5 18. Nb5 Bxb5 19. axb5 Bxc3 20. Bd4 Nf4 21.
Qe3 Bxd4 22. Rxd4 Ne6 23. Rd3 Qc4 24. Rc3 Qxb5 25. f4 d5 26. Rb3 Qc4 27. f5 Nd4
28. Rb2 dxe4 29. fxg6 fxg6 30. Rd1 e5 31. Kb1 Nb5 32. Ka1 Nc3 {White resigns}
0-1

[Event "Team 45 45 League T43"]
[Site "Internet Chess Club"]
[Date "2009.11.28"]
[Round "5"]
[White "deeppurple"]
[Black "screamingeagle"]
[Result "1-0"]
[WhiteElo "2059"]
[BlackElo "2029"]
[Opening "English: closed system"]
[ECO "A26"]
[Time "14:05:12"]
[TimeControl "2700+45"]

1. c4 e5 2. g3 Nc6 3. Bg2 g6 4. Nc3 Bg7 5. d3 d6 6. Rb1 Be6 7. Nf3 h6 8. b4 f5
9. Nd5 Nce7 10. e4 c6 11. Nxe7 Nxe7 12. exf5 Nxf5 13. O-O O-O 14. Re1 Qf6 15.
Bb2 Rae8 16. c5 Bxa2 17. Ra1 Bd5 18. Rxa7 Nd4 19. Bxd4 exd4 20. Rxe8 Rxe8 21.
Nd2 dxc5 22. Bxd5+ cxd5 23. bxc5 Qc6 24. Nb3 Qb5 25. Kg2 h5 26. h4 Rc8 27. Qc2
b6 28. Qe2 Re8 29. Re7 Rxe7 30. Qxe7 Qxb3 31. c6 Qxd3 32. c7 Qc4 33. Qe8+ Kh7
34. c8=Q d3 35. Qg8+ Kh6 36. Qh8+ Bxh8 37. Qxh8# {Black checkmated} 1-0

[Event "Team 45 45 League T43"]
[Site "Internet Chess Club"]
[Date "2009.12.02"]
[Round "5"]
[White "bogolijubov"]
[Black "martineden"]
[Result "1/2-1/2"]
[WhiteElo "1837"]
[BlackElo "1946"]
[Opening "Pirc defense"]
[ECO "B07"]
[Time "13:19:23"]
[TimeControl "2700+45"]

1. e4 d6 2. d4 Nf6 3. Nc3 g6 4. Be3 Bg7 5. Qd2 c6 6. Bh6 Bxh6 7. Qxh6 Qa5 8. Bd3
c5 9. Ne2 cxd4 10. Nxd4 Qb6 11. O-O-O Nc6 12. Nxc6 bxc6 13. e5 dxe5 14. Ne4 Be6
15. Qg7 O-O-O 16. Nxf6 exf6 17. Qxf6 {Game drawn by mutual agreement} 1/2-1/2